 Dungeon Crawl Stone Soup version 0.14-a0-30-gf0b6e91 (webtiles) character file.

156974 Kae the Imperceptible (level 17, -6/79 HPs)
             Began as a Spriggan Enchanter on Sept 26, 2013.
             Was the Champion of Vehumet.
             Hit by a large rock thrown by a cyclops (21 damage)
             ... on Level 15 of the Dungeon on Sept 27, 2013.
             The game lasted 03:02:18 (46375 turns).

Kae the Imperceptible (Spriggan Enchanter)         Turns: 46375, Time: 03:02:18

HP  -6/79        AC  8     Str  7      XL: 17   Next:  4%
MP   0/39        EV 32     Int 18      God: Vehumet [******]
Gold 3700        SH  0     Dex 17      Spells:  8 memorised, 17 levels left

Res.Fire  : . . .   See Invis. : +   a - +6,+7 dagger (stab)
Res.Cold  : . . .   Warding    : .   c - +0 robe {rN+}
Life Prot.: + . .   Conserve   : .   (shield restricted)
Res.Poison: +       Res.Corr.  : .   (helmet restricted)
Res.Elec. : .       Clarity    : .   f - +2 cloak {rPois}
Sust.Abil.: . .     Spirit.Shd : +   (gloves unavailable)
Res.Mut.  : .       Stasis     : .   (boots unavailable)
Res.Rott. : .       Flight     : .   h - amulet of guardian spirit
Saprovore : . . .                    j - ring of wizardry
                                     G - +3 ring of protection

@: burdened, invisible (but backlit and visible), slightly contaminated,
glowing, very quick, very resistant to hostile enchantments, fairly stealthy
A: unfitting armour, see invisible, herbivore 3, speed 3, slow metabolism 2, Dex
-2
a: Renounce Religion


You were on level 15 of the Dungeon.
You worshipped Vehumet.
Vehumet was exalted by your worship.
You were encumbered.
You were not hungry.

You visited 7 branches of the dungeon, and saw 38 of its levels.
You also visited: Volcano.

You collected 3790 gold pieces.
You spent 110 gold pieces at shops.

Inventory:

Hand weapons
 a - a +6,+7 dagger of stabbing (weapon)
Missiles
 d - 7 darts (quivered)
Armour
 c - a +0 robe of positive energy (worn)
 f - a +2 cloak of poison resistance (worn)
 g - a +1 robe of fire resistance
 P - a +2 elven robe of cold resistance
Magical devices
 o - a wand of digging (9)
Comestibles
 b - 3 royal jellies
 k - 4 honeycombs
 n - a bread ration
 q - 5 apples
 D - 10 oranges
 S - 6 pears
Scrolls
 e - 2 scrolls of enchant armour
 l - a scroll of enchant weapon II
 p - 3 scrolls of amnesia
 t - 2 scrolls of magic mapping
 v - a scroll of blinking
 w - a scroll of fear
 A - 4 scrolls of identify
 H - 2 scrolls of fog
 I - 4 scrolls of recharging
 J - 7 scrolls of remove curse
 L - 8 scrolls of teleportation
Jewellery
 h - an amulet of guardian spirit (around neck)
 j - a ring of wizardry (right hand)
 m - an uncursed ring of protection from fire
 r - an uncursed ring of protection from cold
 x - an uncursed ring of sustain abilities
 y - an uncursed amulet of stasis
 C - an uncursed amulet of warding
 G - a +3 ring of protection (left hand)
 U - an uncursed ring of flight
Potions
 i - 10 potions of curing
 s - a potion of heal wounds
 u - a potion of porridge
 z - 2 potions of resistance
 B - a potion of brilliance
 E - a potion of cure mutation
 F - 2 potions of might
 K - a potion of mutation
 M - 4 potions of agility
 N - 3 potions of restore abilities


   Skills:
 + Level 6.3 Fighting
 * Level 18.0 Short Blades
 - Level 1.1 Throwing
 * Level 16.0 Dodging
 + Level 21.0 Stealth
 + Level 13.6 Spellcasting
 + Level 14.3 Hexes


You had 17 spell levels left.
You knew the following spells:

 Your Spells              Type           Power        Failure   Level  Hunger
a - Corona                Hex            ######.      0%          1    None
b - Ensorcelled Hibernat  Hex/Ice        #####.       1%          2    None
c - Confuse               Hex            ######..     1%          3    None
d - Invisibility          Hex            ######..     1%          6    ######.
e - Repel Missiles        Chrm/Air       ##........   4%          2    None
f - Flight                Chrm/Air       ##........   8%          3    None
g - Orb of Destruction    Conj           ##........   99%         7    #######
h - Throw Frost           Conj/Ice       ##....       1%          2    None


Dungeon Overview and Level Annotations

Branches:
Dungeon (15/27)            Temple (1/1) D:7             Orc (4/4) D:10
    Elf (2/3) Orc:4          Lair (8/8) D:9           Swamp (4/5) Lair:6
  Snake (4/5) Lair:4        Slime (0/6) Lair:8
 Vaults: D:15-20

Altars:
Ashenzari
Cheibriados
Elyvilon
Kikubaaqudgha
Okawaru
Sif Muna
Vehumet
Xom
Zin
Beogh

Shops:
D:6 (   D:12 %   D:13 /   D:14 (   Orc:1 [   Orc:4 *%(}+%   Elf:1 [=}
Snake:4 *

Annotations:
D:9 exclusion: 2 doors
D:14 Rupert
Elf:2 3 exclusions
Lair:3 exclusion: electric eel
Swamp:2 Nikola
Swamp:3 exclusion: Roxanne, Roxanne
Swamp:4 Norris
Snake:1 Kirke
Snake:2 Lamia


Innate Abilities, Weirdness & Mutations

You are tiny and cannot use many weapons and most armour.
You have supernaturally acute eyesight.
You are a herbivore.
You cover ground extremely quickly.
You need consume almost no food.
You are clumsy. (Dex -2)


Message History

The two-headed ogre completely misses you.
The two-headed ogre misses you. The cyclops completely misses you.
Casting: Ensorcelled Hibernation
Confirm with . or Enter, or press ? or * to list all spells.
Aiming: Ensorcelled Hibernation
Press: ? - help, Shift-Dir - straight line, f/p - cyclops
Aim: a cyclops (moderately wounded)
The cyclops resists with some effort.
The two-headed ogre closely misses you.
The two-headed ogre hits you with a giant club.
Casting: Ensorcelled Hibernation
Confirm with . or Enter, or press ? or * to list all spells.
Aiming: Ensorcelled Hibernation
Press: ? - help, Shift-Dir - straight line, f/p - cyclops
Aim: a cyclops (moderately wounded)
The cyclops struggles to resist.
The two-headed ogre closely misses you.
The two-headed ogre completely misses you.
The cyclops hits you!
* * * LOW HITPOINT WARNING * * *
The cyclops throws a large rock.
The large rock crashes through you!
You die...

.............#......(# ..
##........###.....(# ....
#.........((....(.#?
.....##..........))<(%....
......#..........(()....%.
..................)..(##..
........C......###.....# #.
###...)(O....###..#.(..##
.......).O@.........##..(..
...........>.......###....
........##.......... ...
........##..?......# ?.
..................#
............## ..#
...###...... . ..#. .


You could see a cyclops and 2 two-headed ogres.

Vanquished Creatures
  Saint Roka (Swamp:2)
  Agnes (Snake:2)
  Donald (Elf:2)
  Wiglaf (Snake:3)
  Maud (D:14)
  Louise (Swamp:2)
  Jorgrun (Swamp:4)
  A stone giant (Orc:4)
  The ghost of darksquall the Faith Healer, a powerful HOFi of Elyvilon (Lair:7)
  The ghost of cedor the Carver, a powerful NaSk of Okawaru (Orc:4)
  Azrael (Snake:3)
  Snorg (D:14)
  A dragon (D:15)
  Fannar (D:14)
  5 anacondas
  Erica (Orc:2)
  11 hydras
  4 alligators
  2 ogre magi
  5 orc high priests (Orc:4)
  5 naga warriors
  A catoblepas (Lair:5)
  9 deep elf knights
  2 lindwurms (Lair:8)
  6 hill giants
  A swamp dragon (Swamp:4)
  A giant amoeba (Lair:8)
  Pikel (D:9)
  A red wasp (Swamp:3)
  A cyclops (D:15)
  3 orc knights
  5 orc sorcerers
  10 deep elf conjurers
  The ghost of yokelz the Carver, an experienced HOGl (D:7)
  The ghost of PolkaDot the Insei, an experienced OpMo (D:5)
  26 black mambas
  13 elephants
  7 spiny worms (Lair:8)
  5 deep elf summoners
  A guardian serpent (Snake:4)
  A feature mimic (Lair:6)
  14 spiny frogs
  2 fire drakes
  4 deep elf priests
  3 komodo dragons
  A hydra zombie (D:10)
  4 giant fireflies (Lair:8)
  A queen bee (D:12)
  7 polar bears
  A baby alligator (Swamp:3)
  6 trolls
  A hydra skeleton (D:12)
  29 slime creatures
  7 naga magi
  4 two-headed ogres
  8 blink frogs (Lair:7)
  8 bog bodies
  6 giant leeches
  A baby alligator (shapeshifter) (Elf:2)
  5 basilisks
  3 brown oozes (Lair:8)
  38 yaks
  11 grizzly bears (Lair:8)
  4 hogs (Snake:2)
  A hill giant zombie (D:11)
  2 elephant slugs
  13 deep elf magi
  3 toenail golems (Volcano)
  20 vampire mosquitoes
  2 wyverns
  4 fire elementals (Snake:3)
  8 hippogriffs
  4 ugly things
  12 wolves
  A hungry ghost (D:13)
  5 rock worms (Lair:8)
  18 deep elf fighters
  A soldier ant (D:14)
  A necrophage (D:9)
  An ogre zombie (Orc:4)
  29 swamp worms
  2 hell hounds (Snake:3)
  5 black bears (Lair:8)
  58 nagas
  7 swamp drakes
  11 porcupines
  2 ice beasts
  22 orc warriors
  11 giant goldfish
  2 sky beasts
  13 ogres
  14 centaurs
  3 slaves (D:9)
  A blink frog zombie (D:14)
  9 crocodiles
  A boring beetle (Lair:7)
  A big kobold (D:14)
  3 giant slugs
  10 wargs
  19 giant frogs
  3 brain worms (Lair:8)
  67 water moccasins
  2 agate snails
  A wyvern zombie (D:15)
  7 insubstantial wisps (Swamp:2)
  A lava fish (Elf:2)
  22 killer bees
  2 boulder beetle zombies
  13 jellyfish
  2 goliath beetles
  2 quasits
  2 centaur zombies
  2 giant frog zombies (D:10)
  12 lava snakes
  51 orc priests
  2 electric eels (Swamp:4)
  6 crimson imps
  An elf zombie (Elf:2)
  9 big fish
  A gnoll shaman (D:4)
  7 hounds
  33 orc wizards
  3 scorpions
  A warg zombie (Orc:4)
  12 iguanas
  12 worker ants
  5 sheep (Lair:1)
  A mottled dragon zombie (D:14)
  A hound zombie (D:7)
  57 adders
  6 gnolls (D:4)
  26 green rats
  6 humans (Volcano)
  4 giant centipedes
  2 giant mites
  A goliath beetle zombie (D:5)
  21 worms
  A giant centipede zombie (D:14)
  An iguana skeleton (D:3)
  5 giant eyeballs
  2 oozes
  193 orcs
  6 giant cockroaches
  10 hobgoblins
  33 jackals
  13 kobolds
  11 quokkas
  2 ball pythons (Snake:1)
  23 bats
  8 giant geckos
  3 giant newts
  5 giant spores
  20 goblins
  21 rats
  5 ballistomycetes
  A fungus (Elf:2)
  2 plants (Lair:8)
1401 creatures vanquished.

Vanquished Creatures (collateral kills)
  A naga (Snake:2)
1 creature vanquished.

Vanquished Creatures (others)
  2 baby alligators (Swamp:3)
  A giant leech (Swamp:3)
  A deep elf fighter (Elf:2)
  4 nagas
  A slave (D:9)
  A centaur (D:15)
  An adder (Snake:2)
  An orc (D:9)
  7 fungi
  2 plants
21 creatures vanquished.

Grand Total: 1423 creatures vanquished

Notes
Turn   | Place    | Note
--------------------------------------------------------------
     0 | D:1      | Kae, the Spriggan Enchanter, began the quest for the Orb.
     0 | D:1      | Reached XP level 1. HP: 9/9 MP: 4/4
   246 | D:1      | Reached XP level 2. HP: 2/13 MP: 0/6
   404 | D:1      | Learned a level 2 spell: Ensorcelled Hibernation
  1004 | D:2      | Reached skill level 4 in Stealth
  1004 | D:2      | Reached XP level 3. HP: 14/16 MP: 6/9
  1657 | D:2      | Reached XP level 4. HP: 21/21 MP: 12/12
  2008 | D:2      | Reached skill level 5 in Stealth
  2439 | D:3      | Reached XP level 5. HP: 24/24 MP: 5/15
  2858 | D:4      | Noticed an ice beast
  2865 | D:4      | Killed an ice beast
  2865 | D:4      | Reached skill level 6 in Stealth
  2865 | D:4      | Reached XP level 6. HP: 28/28 MP: 18/18
  3131 | D:4      | Reached skill level 5 in Hexes
  3202 | D:4      | Learned a level 3 spell: Confuse
  3319 | D:4      | Paralysed by a giant eyeball for 4 turns
  3848 | D:5      | Entered Level 5 of the Dungeon
  4264 | D:5      | Reached skill level 7 in Stealth
  4291 | D:5      | Reached XP level 7. HP: 32/32 MP: 15/20
  4338 | D:5      | Noticed PolkaDot's ghost (experienced OpMo)
  4993 | D:5      | Reached skill level 5 in Short Blades
  5234 | D:5      | Killed PolkaDot's ghost
  5234 | D:5      | Reached skill level 8 in Stealth
  5234 | D:5      | Reached XP level 8. HP: 24/36 MP: 2/23
  5268 | D:5      | Reached skill level 9 in Stealth
  5294 | D:6      | Found Caed's Weapon Boutique.
  5528 | D:6      | Reached skill level 5 in Spellcasting
  5769 | D:6      | Reached skill level 10 in Stealth
  6460 | D:7      | Noticed yokelz's ghost (experienced HOGl)
  6660 | D:7      | Killed yokelz's ghost
  6660 | D:7      | Reached XP level 9. HP: 22/39 MP: 7/25
  7141 | D:7      | Found a staircase to the Ecumenical Temple.
  7265 | Temple   | Entered the Ecumenical Temple
  7269 | Temple   | Became a worshipper of Vehumet
  7518 | D:8      | Reached skill level 11 in Stealth
  7719 | D:8      | Reached skill level 12 in Stealth
  8145 | D:9      | Noticed Pikel
  8159 | D:9      | Killed Pikel
  8443 | D:9      | Found a staircase to the Lair.
  8443 | D:9      | Noticed a fire drake
  9028 | D:9      | Reached XP level 10. HP: 14/44 MP: 10/28
  9287 | D:9      | Acquired Vehumet's first power
  9287 | D:9      | Offered knowledge of Freeze by Vehumet.
  9418 | D:9      | Found an iron altar of Okawaru.
  9418 | D:9      | Found a white marble altar of Elyvilon.
  9419 | D:9      | Found a shimmering altar of Xom.
  9454 | D:9      | Reached skill level 13 in Stealth
  9881 | D:9      | Killed a fire drake
  9981 | D:10     | Entered Level 10 of the Dungeon
 10366 | D:10     | Found a staircase to the Orcish Mines.
 10562 | D:10     | Reached skill level 10 in Short Blades
 10785 | Lair:1   | Entered Level 1 of the Lair of Beasts
 10886 | Lair:1   | Offered knowledge of Flame Tongue by Vehumet.
 10900 | Lair:1   | HP: 1/44 [basilisk (9)]
 11242 | Lair:1   | Reached skill level 14 in Stealth
 11846 | Lair:1   | Reached XP level 11. HP: 40/47 MP: 30/30
 12222 | Lair:2   | Offered knowledge of Throw Flame by Vehumet.
 12703 | Lair:2   | Acquired Vehumet's second power
 12749 | Lair:2   | Reached skill level 15 in Stealth
 12838 | Lair:2   | Noticed an eight-headed hydra
 12843 | Lair:2   | Killed an eight-headed hydra
 13296 | Lair:3   | Offered knowledge of Dazzling Spray by Vehumet.
 13989 | Lair:3   | Learned a level 6 spell: Invisibility
 13992 | Lair:3   | Learned a level 2 spell: Repel Missiles
 14036 | Lair:3   | Acquired Vehumet's third power
 14349 | Lair:3   | Offered knowledge of Iskenderun's Mystic Blast by Vehumet.
 14711 | Lair:4   | Reached skill level 10 in Hexes
 14774 | Lair:4   | Reached skill level 16 in Stealth
 15338 | Lair:4   | Found a staircase to the Snake Pit.
 15372 | Lair:4   | Found a staircase to the Swamp.
 15378 | Lair:4   | the staircase to the Swamp was a mimic.
 15877 | Lair:4   | Reached XP level 12. HP: 21/51 MP: 11/32
 16252 | Lair:4   | Offered knowledge of Airstrike by Vehumet.
 16813 | Lair:5   | Found a white marble altar of Elyvilon.
 16840 | Lair:5   | Reached skill level 17 in Stealth
 17385 | Lair:5   | Reached skill level 10 in Spellcasting
 18623 | Lair:6   | Found a staircase to the Swamp.
 19507 | Lair:7   | Reached skill level 18 in Stealth
 19987 | Lair:7   | Noticed darksquall's ghost (powerful HOFi)
 20219 | Lair:7   | Killed darksquall's ghost
 20219 | Lair:7   | Reached XP level 13. HP: 47/55 MP: 26/34
 20695 | Lair:8   | Entered Level 8 of the Lair of Beasts
 20852 | Lair:8   | Found a staircase to the Slime Pits.
 20868 | Lair:8   | Offered knowledge of Bolt of Cold by Vehumet.
 22047 | Lair:8   | Reached skill level 5 in Dodging
 22253 | Lair:8   | Reached skill level 1 in Fighting
 22711 | Lair:8   | Gained mutation: Your system is resistant to poisons. [potion of mutation]
 22711 | Lair:8   | Gained mutation: You are weak. (Str -2) [potion of mutation]
 22711 | Lair:8   | Gained mutation: You are resistant to hostile enchantments. [potion of mutation]
 22712 | Lair:8   | Gained mutation: You occasionally shout uncontrollably. [potion of mutation]
 22712 | Lair:8   | Gained mutation: You passively map a small area around you. [potion of mutation]
 22713 | Lair:8   | Lost mutation: You are weak. (Str -2) [potion of cure mutation]
 22713 | Lair:8   | Lost mutation: You occasionally shout uncontrollably. [potion of cure mutation]
 22713 | Lair:8   | Lost mutation: Your system is resistant to poisons. [potion of cure mutation]
 22713 | Lair:8   | Lost mutation: You passively map a small area around you. [potion of cure mutation]
 22713 | Lair:8   | Lost mutation: You are resistant to hostile enchantments. [potion of cure mutation]
 23776 | D:11     | Reached skill level 19 in Stealth
 23938 | D:11     | Reached skill level 15 in Short Blades
 23969 | D:11     | Offered knowledge of Ozocubu's Refrigeration by Vehumet.
 24173 | D:11     | Reached XP level 14. HP: 61/61 MP: 32/35
 24299 | Orc:1    | Entered Level 1 of the Orcish Mines
 24536 | Orc:2    | Noticed Erica
 24541 | Orc:2    | Killed Erica
 24588 | Orc:2    | Found a shimmering altar of Xom.
 24613 | Orc:2    | Found a dark tunnel.
 24818 | Volcano  | Entered a volcano
 25353 | Orc:2    | Offered knowledge of Freezing Cloud by Vehumet.
 25442 | Orc:1    | Found Isattul's Armour Shoppe.
 26167 | Orc:4    | Entered Level 4 of the Orcish Mines
 26167 | Orc:4    | Found a staircase to the Elven Halls.
 26263 | Orc:2    | Gained mutation: Your mind is acute. (Int +2) [mutagenic glow]
 26863 | Orc:4    | Noticed cedor's ghost (powerful NaSk)
 26971 | Orc:3    | Gained mutation: You tend to lose your temper in combat. [mutagenic glow]
 27397 | Orc:4    | Killed cedor's ghost
 27483 | Orc:4    | Found Pnanwean's Book Shop.
 27490 | Orc:4    | Reached skill level 10 in Dodging
 27952 | Orc:4    | Found Quymi's Food Emporium.
 28294 | Orc:4    | Found a roughly hewn altar of Beogh.
 28339 | Orc:4    | Found Mohasej's Assorted Antiques.
 28339 | Orc:4    | Found Gaco's Food Emporium.
 28344 | Orc:4    | Offered knowledge of Conjure Ball Lightning by Vehumet.
 28398 | Orc:4    | Bought a pear for 8 gold pieces
 28398 | Orc:4    | Bought an apricot for 8 gold pieces
 28398 | Orc:4    | Bought a pear for 8 gold pieces
 28398 | Orc:4    | Bought a pear for 8 gold pieces
 28451 | Orc:4    | Bought a scroll labeled PHATTI RYULIGG for 26 gold pieces
 28451 | Orc:4    | Bought a scroll of identify for 52 gold pieces
 28511 | Orc:4    | Found Zabiynk's Gadget Emporium.
 28558 | Orc:4    | Gained mutation: You are weak. (Str -2) [mutagenic glow]
 28665 | Orc:4    | Found Ymonk's Weapon Boutique.
 29426 | D:12     | Found Duorph's Food Boutique.
 29928 | D:12     | Offered knowledge of Poison Arrow by Vehumet.
 30345 | Snake:1  | Entered Level 1 of the Snake Pit
 30428 | Snake:1  | Learned a level 3 spell: Flight
 32186 | Snake:2  | Noticed Agnes
 32202 | Snake:2  | Killed Agnes
 32202 | Snake:2  | Reached XP level 15. HP: 43/67 MP: 23/36
 32204 | Snake:2  | Lost mutation: You tend to lose your temper in combat. [potion of cure mutation]
 32204 | Snake:2  | Lost mutation: Your mind is acute. (Int +2) [potion of cure mutation]
 32204 | Snake:2  | Lost mutation: You are weak. (Str -2) [potion of cure mutation]
 32332 | Snake:2  | Noticed Lamia
 33009 | Snake:2  | Noticed Kirke
 33592 | Snake:2  | Offered knowledge of Orb of Destruction by Vehumet.
 33601 | Snake:2  | Learned a level 7 spell: Orb of Destruction
 33791 | Snake:3  | Noticed Azrael
 34796 | Snake:3  | Noticed Wiglaf
 34798 | Snake:3  | Killed Wiglaf
 35639 | Snake:4  | Found Giuzauch's General Store.
 36542 | Snake:3  | Killed Azrael
 36665 | Snake:1  | Reached skill level 20 in Stealth
 36673 | Snake:1  | Offered knowledge of Ice Storm by Vehumet.
 36673 | Snake:1  | Offered knowledge of Shatter by Vehumet.
 36673 | Snake:1  | Offered knowledge of Tornado by Vehumet.
 36915 | Swamp:1  | Entered Level 1 of the Swamp
 38722 | Swamp:2  | Noticed Saint Roka
 38825 | Swamp:2  | Killed Saint Roka
 38841 | Swamp:2  | Reached skill level 5 in Fighting
 39009 | Swamp:2  | Noticed Louise
 39032 | Swamp:2  | Killed Louise
 39044 | Swamp:2  | Reached XP level 16. HP: 74/74 MP: 38/38
 39155 | Swamp:2  | Learned a level 2 spell: Throw Frost
 39753 | Swamp:3  | Noticed Roxanne
 39886 | Swamp:3  | Noticed Norris
 40534 | Swamp:3  | Noticed Nikola
 41338 | Swamp:4  | Identified a scroll of acquirement
 41339 | Swamp:4  | Got a shimmering sabre
 41340 | Swamp:4  | Identified the +0,+4 sabre of Crawling {drain, SInv} (You acquired it on level 4 of the Swamp)
 41340 | Swamp:4  | Identified the +0,+4 sabre of Crawling {drain, SInv} (You acquired it on level 4 of the Swamp)
 41595 | Swamp:4  | Noticed Jorgrun
 41619 | Swamp:4  | Killed Jorgrun
 43207 | Elf:1    | Entered Level 1 of the Elven Halls
 43229 | Elf:1    | Found Ikocvuzipso's Gadget Boutique.
 43237 | Elf:1    | Reached skill level 15 in Dodging
 43409 | Elf:1    | Found Macisac's Jewellery Boutique.
 43425 | Elf:1    | Found a magical portal.
 43573 | Elf:1    | Found Smottiy's Antique Armour Shoppe.
 43835 | Elf:2    | Noticed Donald
 43865 | Elf:2    | Killed Donald
 43899 | Elf:2    | Found a radiant altar of Vehumet.
 44924 | D:13     | Found Cughuffo's Magical Wand Shoppe.
 44980 | D:13     | Found a snail-covered altar of Cheibriados.
 45139 | D:14     | Entered Level 14 of the Dungeon
 45324 | D:14     | Found Shriju's Weapon Emporium.
 45399 | D:14     | Noticed Maud
 45404 | D:14     | Killed Maud
 45651 | D:14     | Noticed Rupert
 46001 | D:14     | Found a roughly hewn altar of Beogh.
 46189 | D:14     | Noticed Fannar
 46194 | D:14     | Noticed Snorg
 46199 | D:14     | Killed Fannar
 46203 | D:14     | Killed Snorg
 46247 | D:15     | Entered Level 15 of the Dungeon
 46250 | D:15     | Reached skill level 21 in Stealth
 46254 | D:15     | Found a shattered altar of Ashenzari.
 46286 | D:15     | Gained mutation: You are clumsy. (Dex -2) [mutagenic glow]
 46288 | D:15     | Reached XP level 17. HP: 69/79 MP: 37/39
 46375 | D:15     | Hit by a large rock thrown by a cyclops

Action                   |  1- 3 |  4- 6 |  7- 9 | 10-12 | 13-15 | 16-18 || total
-------------------------+-------+-------+-------+-------+-------+-------++-------
Melee: Dagger            |   182 |   167 |   240 |   667 |  1518 |   532 ||  3306
Throw: Dart              |       |       |    24 |     1 |     1 |       ||    26
 Cast: Ensorcelled Hiber |     6 |    46 |    94 |   364 |   437 |   182 ||  1129
       Confuse           |       |       |    40 |    47 |    93 |    67 ||   247
       Invisibility      |       |       |       |     1 |    43 |    18 ||    62
       Throw Frost       |       |       |       |       |       |     5 ||     5
       Flight            |       |       |       |       |       |     1 ||     1
       Corona            |       |       |       |       |       |     1 ||     1
 Abil: Evoke Flight      |       |       |       |     3 |     1 |       ||     4
Evoke: Wand              |       |       |     3 |     5 |     8 |     2 ||    18
  Use: Potion            |       |     1 |     2 |     8 |     9 |     5 ||    25
       Scroll            |       |       |    15 |    18 |    19 |     8 ||    60
 Stab: Sleeping          |     6 |    42 |    58 |   249 |   444 |   152 ||   951
       Distracted        |     1 |       |       |       |     8 |     5 ||    14
       Confused          |       |       |    13 |    16 |    25 |    11 ||    65
       Invisible         |       |       |       |       |   126 |    41 ||   167
